 Dungeon Crawl Stone Soup version 0.19-a0-1933-g052ff51 (webtiles) character file.

183 Kaname the Grave Robber (level 5, -4/36 HPs)
             Began as a Demonspawn Necromancer on Oct 26, 2016.
             Slain by an adder (5 damage)
             ... on level 3 of the Dungeon.
             The game lasted 00:09:15 (3003 turns).

Kaname the Grave Robber (Demonspawn Necromancer)    Turns: 3003, Time: 00:09:16

Health: -4/36      AC:  4    Str:  6 (8)  XL:     5   Next: 35%
Magic:  0/10       EV: 12    Int: 19 (22) God:
Gold:   138        SH:  0    Dex: 13 (14) Spells: 4 memorised, 3 levels left

rFire  . . .     SeeInvis .     l - +0 short sword
rCold  . . .     Gourm    .     a - +0 robe
rNeg   . . .     Faith    .     (no shield)
rPois  .         Spirit   .     (helmet restricted)
rElec  .         Reflect  .     (no cloak)
rCorr  .         Harm     .     (no gloves)
MR     .....                    (no boots)
Stlth  ++........               (no amulet)
                                (no ring)
                                (no ring)

@: brilliant, lethally poisoned (-4 -> -7)
A: antennae 1, rugged brown scales 2, powered by death 1
a: no special abilities


You were on level 3 of the Dungeon.
You were not hungry.

You visited 1 branch of the dungeon, and saw 3 of its levels.

You collected 138 gold pieces.

Inventory:

Hand Weapons
 l - a +0 short sword (weapon)
Armour
 a - a +0 robe (worn)
 h - a +0 helmet
Scrolls
 d - 3 scrolls of identify {unknown}
 g - 2 scrolls of magic mapping {unknown}
 i - 4 scrolls of remove curse {unknown}
 j - a scroll of amnesia {unknown}
 n - 2 scrolls of enchant armour {unknown}
 o - 3 scrolls of teleportation {unknown}
 r - 2 scrolls of recharging {unknown}
Potions
 e - 2 potions of degeneration
Books
 b - a book of Necromancy

   Spells                             Type                      Level
   a - Pain                           Necromancy                   1
   b - Animate Skeleton               Necromancy                   1
   c - Vampiric Draining              Necromancy                   3
   d - Regeneration                   Charms/Necromancy            3
   e - Animate Dead                   Necromancy                   4
   f - Control Undead                 Necromancy                   4
Comestibles
 c - 4 bread rations
 f - a royal jelly
 k - 3 fruits
 p - a chunk of flesh
 q - a beef jerky


   Skills:
 - Level 1.7 Dodging
 - Level 1.7 Stealth
 + Level 3.9 Spellcasting
 - Level 6.0 Necromancy


You had 3 spell levels left.
You knew the following spells:

 Your Spells              Type           Power        Failure   Level  Hunger
a - Pain                  Necr           ####         1%          1    None
b - Animate Skeleton      Necr           N/A          1%          1    None
c - Vampiric Draining     Necr           #####.....   1%          3    ###....
d - Regeneration          Chrm/Necr      ####......   1%          3    ###....


Dungeon Overview and Level Annotations

Branches:
Dungeon (3/15)

Altars:


Innate Abilities, Weirdness & Mutations

You have a pair of small antennae on your head.
You are mostly covered in rugged brown scales. (AC +2, +5% HP)
You regenerate a little health from kills.


Message History

The adder bites you but does no damage.
It was a potion of brilliance.
You feel clever all of a sudden. The adder bites you.
* * * LOW HITPOINT WARNING * * *
You closely miss the adder. The adder barely misses you. x2
You hit the adder.
The adder is heavily wounded.
The adder bites you but does no damage.
You hit the adder.
The adder is heavily wounded.
The adder misses you. The adder bites you.
* * * LOW HITPOINT WARNING * * *
You are lethally poisoned!
The adder poisons you!
You hit the adder.
The adder is severely wounded.
* * * LOW HITPOINT WARNING * * *
You feel sick. The adder bites you.
You die...

.........#.# #. .
##.#####.#.#
##.##P. #.# #.#.##
##..#.≈≈ #.#
#...##o ##.#≈.≈≈≈
#.# ##...#≈
##≈≈≈≈≈≈.≈ #)#
#).###≈ #≈≈.#≈≈≈#≈
##.######..# #o#
##≈.###.###
..........#.#
#S#####
#....#...#.
##.##......##
#@[..###..........
#.##.......#
#....'.'..........
#........###
#....'.#..........
####.....#
#....###..........
#.....# #.#####
#≈...#...#.
#####... #≈#
#≈≈≈###.### ####
#####≈ ##.≈≈#≈≈≈#≈
...# ≈ ##.≈≈≈≈≈.≈
##.# #.P≈≈≈≈≈≈


You could see an adder and 2 orcs.

Vanquished Creatures
  An orc priest (D:3)
  Ijyb (D:3)
  Robin (D:3)
  An adder (D:3)
  A worm (D:3)
  7 dart slugs
  4 leopard geckos
  An orc (D:3)
  23 goblins
  12 hobgoblins
  4 jackals (D:1)
  A ball python (D:1)
  7 bats
  2 frilled lizards (D:2)
  8 kobolds
  7 rats
81 creatures vanquished.

Vanquished Creatures (others)
  A frilled lizard (D:2)
1 creature vanquished.

Grand Total: 82 creatures vanquished

Notes
Turn   | Place    | Note
-------+----------+-------------------------------------------
     0 | D:1      | Kaname the Demonspawn Necromancer began the quest for the Orb.
     0 | D:1      | Reached XP level 1. HP: 13/13 MP: 3/3
    11 | D:1      | Learned a level 1 spell: Animate Skeleton
   223 | D:1      | Gained mutation: You are partially covered in rugged brown scales. (AC +1, +3% HP) [demonic ancestry]
   223 | D:1      | Reached XP level 2. HP: 12/19 MP: 3/5
   385 | D:1      | Reached skill level 5 in Necromancy
   789 | D:1      | Gained mutation: You regenerate a little health from kills. [demonic ancestry]
   789 | D:1      | Reached XP level 3. HP: 20/24 MP: 3/6
   883 | D:1      | Learned a level 3 spell: Vampiric Draining
  1428 | D:2      | Reached skill level 6 in Necromancy
  1790 | D:2      | Found a faded altar of an unknown god.
  1886 | D:2      | Gained mutation: You are mostly covered in rugged brown scales. (AC +2, +5% HP) [demonic ancestry]
  1886 | D:2      | Reached XP level 4. HP: 22/31 MP: 4/7
  2320 | D:3      | Noticed Robin
  2367 | D:3      | Killed Robin
  2706 | D:3      | Learned a level 3 spell: Regeneration
  2849 | D:3      | Noticed Ijyb
  2863 | D:3      | Killed Ijyb
  2863 | D:3      | Gained mutation: You have a pair of small antennae on your head. [demonic ancestry]
  2863 | D:3      | Reached XP level 5. HP: 30/36 MP: 2/10
  3002 | D:3      | HP: 1/36 [adder (4)]
  3003 | D:3      | Slain by an adder

Vault maps used:
D:1:      saegor_arrival_simple_c, minmay_hexomino_c4
D:2:      ecumenical_altar_2
D:3:      wad_lake_hut, kennysheep_generic_room_9, uniq_robin, uniq_iyjb,
          uniq_terence

Skill      XL: |  1  2  3  4 |
---------------+-------------+-----
Necromancy     | 5 6 |  6.0
Spellcasting   | 3 |  3.9
Dodging        | |  1.7
Stealth        | |  1.7

Action                   |  1- 3 |  4- 6 || total
-------------------------+-------+-------++-------
Melee: Unarmed           |    15 |       ||    15
       Short sword       |    45 |   105 ||   150
 Cast: Pain              |    66 |    24 ||    90
       Vampiric Draining |       |    11 ||    11
  Use: Potion            |     1 |     3 ||     4
 Stab: Sleeping          |     2 |     2 ||     4
  Eat: Chunk             |     4 |     5 ||     9
Armor: Robe              |    15 |    19 ||    34
Dodge: Dodged            |    61 |    70 ||   131
